 Dungeon Crawl Stone Soup version 0.28.0-43-g3370ac3207 (webtiles) character file.

Game seed: 3889288929261268293

165 nickcage the Chopper (level 5, -13/46 HPs)
             Began as a Hill Orc Abyssal Knight on Mar 22, 2022.
             Was a Believer of Lugonu.
             Mangled by an ice beast (14 damage)
             ... on level 4 of the Dungeon.
             The game lasted 00:08:24 (3667 turns).

nickcage the Chopper (Hill Orc Abyssal Knight)      Turns: 3667, Time: 00:08:24

Health: -13/46     AC: 11    Str: 18    XL:     5   Next: 46%
Magic:  6/6        EV:  7    Int: 10    God:    Lugonu [**....]
Gold:   66         SH:  0    Dex: 11    Spells: 4/4 levels left

rFire   . . .      SeeInvis .   a - +1 hand axe
rCold   . . .      Faith    .   (no shield)
rNeg    . . .      Spirit   .   e - +0 chain mail
rPois   .          Reflect  .   f - +0 helmet
rElec   .          Harm     .   k - +0 cloak
rCorr   .          Rampage  .   (no gloves)
Will    .....                   (no boots)
Stlth   ..........              (no amulet)
HPRegen 0.15/turn               (no ring)
MPRegen 0.10/turn               (no ring)

@: no status effects
A: no striking features
a: Renounce Religion, Depart the Abyss, Bend Space


You were on level 4 of the Dungeon.
You worshipped Lugonu.
Lugonu was pleased with you.
You visited 1 branch of the dungeon, and saw 4 of its levels.
You visited the Abyss 1 time.

You collected 201 gold pieces.
You spent 135 gold pieces at shops.

Inventory:

Hand Weapons
 a - a +1 hand axe (weapon)
Armour
 b - a +0 leather armour
 e - a +0 chain mail (worn)
 f - a +0 helmet (worn)
 g - an orb of guile
 k - a +0 cloak (worn)
Wands
 d - a wand of flame (8)
Potions
 c - a potion of lignification
 h - 2 potions of mutation {unknown}
 i - a potion of attraction {unknown}
 j - a potion of flight {unknown}
 l - a potion of curing {unknown}
 m - a potion of cancellation {unknown}
 n - a potion of ambrosia {unknown}


   Skills:
 - Level 4.0 Fighting
 + Level 7.0 Axes
 - Level 2.2 Armour
 - Level 0.7 Dodging
 - Level 2.4 Invocations


You had 4 spell levels left.
You didn't know any spells.
Your spell library contained the following spells:

 Spells                   Type           Power      Damage    Failure   Level
 Static Discharge         Conj/Air       0%         N/A       100%        2
 Lightning Bolt           Conj/Air       0%         1d11      100%        5
 Maxwell's Capacitive Co  Air            0%         ∞         100%        8


Dungeon Overview and Level Annotations

Branches:
Dungeon (4/15)
 Temple: D:4-7

Altars:

Shops:
D:2 *


Message History

You closely miss the ice beast.
The ice beast is heavily wounded.
The ice beast hits you but does no damage.
You closely miss the ice beast.
The ice beast is heavily wounded.
The ice beast hits you but does no damage.
You hit the ice beast but do no damage.
The ice beast is heavily wounded.
The ice beast hits you but does no damage.
You hit the ice beast but do no damage.
The ice beast is heavily wounded.
The ice beast hits you. The ice beast freezes you.
You closely miss the ice beast.
The ice beast is heavily wounded.
The ice beast hits you but does no damage.
You hit the ice beast.
The ice beast is heavily wounded.
The ice beast hits you but does no damage.
You hit the ice beast. Your punch misses the ice beast.
The ice beast is severely wounded.
The ice beast closely misses you.
You hit the ice beast but do no damage.
The ice beast is severely wounded.
The ice beast hits you but does no damage.
You hit the ice beast but do no damage.
The ice beast is severely wounded.
The ice beast hits you. The ice beast freezes you!
You closely miss the ice beast.
The ice beast is severely wounded.
The ice beast hits you. The ice beast freezes you!
* * * LOW HITPOINT WARNING * * *
You hit the ice beast.
The ice beast is severely wounded.
The ice beast barely misses you.
You hit the ice beast but do no damage.
The ice beast is severely wounded.
The ice beast hits you.
* * * LOW HITPOINT WARNING * * *
The ice beast freezes you!
You die...

#######.######.#########
#.# #.# #.. #.# #.#
#####.# #.# #.# #.....#
#.# #.###.....# #.#
#.#.'..<..# #.#
#.#.#.....# #.#
#.#.#####.# #@# #.#.#
#.. #Y# #.#.# ### #J#
#.#.####### #(#
#.#........ #(#
#.######### #'###
#.#.....#
#...(.....##†#.###.#
#?.............# #.#
#Y.##...........# #.#


You could see an ice beast and an endoplasm.

Vanquished Creatures
  A jelly (D:3)
  Jessica (D:3)
  Robin (D:2)
  An adder (D:3)
  An adder skeleton (D:4)
  A worm (D:2)
  A dart slug (D:1)
  8 bats
  9 endoplasms
  4 giant cockroaches (D:1)
  11 hobgoblins
  4 quokkas
  8 ball pythons
  4 frilled lizards
  15 goblins
  2 kobolds (D:1)
  5 rats
77 creatures vanquished.

Vanquished Creatures (others)
  A plant (D:3)
1 creature vanquished.

Grand Total: 78 creatures vanquished

Notes
Turn   | Place    | Note
-------+----------+-------------------------------------------
     0 | Abyss:1  | nickcage the Hill Orc Abyssal Knight began the quest for
                  | the Orb.
     0 | Abyss:1  | Reached XP level 1. HP: 19/19 MP: 2/2
     0 | D:1      | Escaped the Abyss
   142 | D:1      | Reached * piety under Lugonu
   143 | D:1      | Reached skill level 3 in Axes
   143 | D:1      | Reached XP level 2. HP: 27/27 MP: 3/3
   321 | D:1      | Found a faded altar of an unknown god.
   402 | D:1      | Reached skill level 4 in Axes
   408 | D:1      | Reached XP level 3. HP: 27/33 MP: 4/4
  1032 | D:2      | Noticed Robin
  1059 | D:2      | Killed Robin
  1060 | D:2      | Reached skill level 5 in Axes
  1060 | D:2      | Reached XP level 4. HP: 8/40 MP: 5/5
  1726 | D:2      | Reached ** piety under Lugonu
  1997 | D:2      | Found Zebacs's Assorted Antiques.
  2012 | D:2      | Bought a cloak for 135 gold pieces
  2310 | D:3      | Reached skill level 6 in Axes
  2356 | D:3      | Reached XP level 5. HP: 13/46 MP: 6/6
  2845 | D:3      | Noticed Jessica
  2859 | D:3      | Killed Jessica
  3562 | D:4      | Reached skill level 7 in Axes
  3639 | D:4      | Noticed an ice beast
  3665 | D:4      | HP: 2/46 [ice beast (12)]
  3667 | D:4      | Mangled by an ice beast

Illustrated notes

Levels and vault maps discovered:
D:1:      amcnicky_arrival_double_pillar, layout_basic,
          hellmonk_ecumenical_altar_lost_god, minmay_statues_item, minivault_27
D:2:      layout_loops_ring, serial_shops, shop_statue, uniq_robin
D:3:      layout_basic, amcnicky_mini_pool_small, serial_bayou_crossing,
          uniq_jessica
D:4:      layout_basic, mainiacjoe_overflow_two_lobes, minmay_manual_moon

Skill      XL: |  1  2  3  4  5 |
---------------+----------------+-----
Fighting       | 4 |  4.0
Axes           | 3 4 5 6 7 |  7.0
Armour         | |  2.2
Dodging        | |  0.7
Invocations    | |  2.4

Action                   |  1- 3 |  4- 6 || total
-------------------------+-------+-------++-------
Melee: Hand axe          |    86 |   135 ||   221
       Punch             |       |     1 ||     1
Throw: Dart              |       |     5 ||     5
Invok: Depart the Abyss  |     1 |       ||     1
  Use: Scroll            |     4 |       ||     4
       Potion            |       |     1 ||     1
Armor: Leather armour    |    14 |       ||    14
       Chain mail        |    13 |    64 ||    77
       Skin              |       |     8 ||     8
Dodge: Dodged            |    45 |    28 ||    73
